 Dungeon Crawl Stone Soup version 0.31-a0-986-g5e6e4ef867 (webtiles) character file.

Game seed: 8537753756220422010

11 sammy202020 the Changeling (level 2, 0/31 HPs)
             Began as a Demonspawn Shapeshifter on Nov 20, 2023.
             Succumbed to a goblin's poison
             ... on level 1 of the Dungeon.
             The game lasted 00:00:40 (203 turns).

sammy202020 the Changeling (Demonspawn Shapeshifter) Turns: 203, Time: 00:00:41

Health: 0/31       AC: 21    Str: 14    XL:     2   Next: 13%
Magic:  2/2        EV:  2    Int: 11    God:
Gold:   38         SH:  0    Dex: 12    Spells: 1/1 levels left

rFire   . .          .
                       - Unarmed
rCold   . . .        (no shield)
rNeg    . . .        e - melded +0 ring mail
rPois   +            (helmet currently unavailable)
rElec   .            (cloak currently unavailable)
rCorr   +            (gloves currently unavailable)
SInv    .            (boots currently unavailable)
Will    .....        (no amulet)
Stlth   +            f - ring of resist corrosion
HPRegen 0.25/turn    (no ring)
MPRegen 0.08/turn

%: no passive effects
@: lethally poisoned (0 -> -1), tree-form
A: stationary, stasis, torment immunity, boosted hp, (sharp scales 1)
a: no special abilities


You were on level 1 of the Dungeon.
You were a tree.
You visited 1 branch of the dungeon, and saw 1 of its levels.

You collected 38 gold pieces.

Inventory:

Armour
 a - a +0 animal skin
 e - a +0 ring mail (melded)
Jewellery
 f - a ring of resist corrosion (left branch)
Talismans
 c - a beast talisman
 d - a flux talisman


   Skills:
 * Level 1.3 Fighting
 + Level 0.2 Armour
 + Level 1.9 Dodging
 * Level 2.8 Unarmed Combat
 * Level 2.8 Shapeshifting


You had one spell level left.
You didn't know any spells.
Your spell library was empty.

Dungeon Overview and Level Annotations

Branches:
Dungeon (1/15)

Altars:


Innate Abilities, Weirdness & Mutations

You are a tree.
Your roots penetrate the ground, keeping you stationary.
You cannot be teleported.
You are immune to unholy pain and torment.
Your maximum health is greatly increased.
Your equipment is partially melded.
((You are partially covered in razor-sharp scales. (AC +1, Slay +1)))


Message History

You barely miss the goblin.
The goblin is heavily wounded.
You feel sick.
The jackal barely misses your hobgoblin.
The jackal bites you.
* * * LOW HITPOINT WARNING * * *
The goblin hits you but does no damage.
The jackal bites you but does no damage.
The jackal bites your hobgoblin.
Your hobgoblin dies!
Your hobgoblin's corpse dissolves into shadows!
The rat bites you but does no damage.
You smack the goblin!
You kill the goblin!
* * * LOW HITPOINT WARNING * * *
You feel sick. The jackal bites your endoplasm. The jackal barely misses you.
You smack the jackal!
You kill the jackal!
* * * LOW HITPOINT WARNING * * *
You feel sick. The rat bites you but does no damage.
Your endoplasm barely misses the rat.
The jackal bites your endoplasm. The jackal bites you.
* * * LOW HITPOINT WARNING * * *
The quokka bites you but does no damage.
You hit the jackal but do no damage.
* * * LOW HITPOINT WARNING * * *
You feel sick. The jackal bites your endoplasm.
Your endoplasm dies!
Your endoplasm dissolves into shadows!
The jackal barely misses you. The rat barely misses you.
The quokka bites you but does no damage.
The jackal bites your frilled lizard.
Your frilled lizard dies!
Your frilled lizard's corpse dissolves into shadows!
The jackal bites you but does no damage.
A bat comes into view.
As you read the scroll labelled DODAHU HEBOAR, it crumbles to dust.
It is a scroll of identify.
You don't currently have any unidentified items.
You die...

..# #.# .# ..# .## #.#
.# h.# )# #.# .## .r ..b
.#####.### ..#.# (..
..##.....# ...## ...
..##.....# #...#..#
..##.....# #h#J#..#
..##.....# #rrhh..###
..##.....#######♣.......
..##.....#...†......#...
...).......####.#..## #
..##........# #.##.#
..##.....##.....# ##
..######## ###### ###


You could see an endoplasm, a quokka, 3 jackals, a bat (wandering) and a rat.

Vanquished Creatures
  3 hobgoblins (D:1)
  A jackal (D:1)
  2 ball pythons (D:1)
  A bat (D:1)
  2 goblins (D:1)
  A kobold (D:1)
10 creatures vanquished.

Notes
Turn   | Place    | Note
-------+----------+-------------------------------------------
     0 | D:1      | sammy202020 the Demonspawn Shapeshifter began the quest for
                  | the Orb.
     0 | D:1      | Reached XP level 1. HP: 15/15 MP: 1/1
   183 | D:1      | Gained mutation: You are partially covered in razor-sharp
                  | scales. (AC +1, Slay +1) [demonic ancestry]
   183 | D:1      | Reached XP level 2. HP: 21/21 MP: 2/2
   202 | D:1      | HP: 1/31 [poisoned by a goblin]
   203 | D:1      | Succumbed to a goblin's poison

Illustrated notes

Levels and vault maps discovered:
D:1:      tarquinn_simple_flora_water_c, layout_rooms,
          ebering_ecumenical_altar_webs

Action                     || total
---------------------------++-------
  Melee: Unarmed           ||    29
    Use: Scroll            ||     2
         Potion            ||     1
 Armour: Animal skin       ||     5
         Ring mail         ||     8
         Skin              ||    16
  Dodge: Dodged            ||    17

Table legend: (Time is in decaauts)
 A = Elapsed time spent in this place.
 B = Non-inter-level travel time spent in this place.
 C = Inter-level travel time spent in this place.
 D = Time resting spent in this place.
 E = Time spent auto-exploring this place.
 F = Levels seen in this place.
 G = Mean time per level.
                   A        B        C        D        E       F      G
               +--------+--------+--------+--------+--------+-----+--------+
         Total |    201 |    201 |      0 |      0 |    124 |   1 |  201.0 |
       Dungeon |    201 |    201 |      0 |      0 |    124 |   1 |  201.0 |
               +--------+--------+--------+--------+--------+-----+--------+

Top non-repeatable levels by time:
     D:1: 201 daAuts
